 Dungeon Crawl Stone Soup version 0.23-a0-417-gf02c810438 (webtiles) character file.

77 Zesh the Vexing (level 4, -2/21 HPs)
             Began as a Spriggan Enchanter on Nov 10, 2018.
             Slain by a goblin (3 damage)
             ... led by Robin
             ... on level 2 of the Dungeon.
             The game lasted 00:04:10 (1774 turns).

Zesh the Vexing (Spriggan Enchanter)                Turns: 1774, Time: 00:04:10

Health: -2/21      AC:  2    Str:  4    XL:     4   Next: 13%
Magic:  0/11       EV: 18    Int: 17    God:
Gold:   35         SH:  0    Dex: 16    Spells: 2/11 levels left

rFire    + . .     SeeInvis +   e - +1 short sword (flame)
rCold    . . .     Gourm    .   (shield restricted)
rNeg     . . .     Faith    .   b - +0 robe
rPois    .         Spirit   .   (helmet restricted)
rElec    .         Reflect  .   (no cloak)
rCorr    .         Harm     .   (gloves unavailable)
MR       .....                  (boots unavailable)
Stlth    +++.......             (no amulet)
HPRegen  0.07/turn              f - ring of protection from fire
MPRegen  0.12/turn              (no ring)

@: very quick
A: very small, unfitting armour, see invisible, herbivore, speed 3, slow
metabolism 2
a: no special abilities


You were on level 2 of the Dungeon.
You were not hungry.

You visited 1 branch of the dungeon, and saw 2 of its levels.

You collected 35 gold pieces.

Inventory:

Hand Weapons
 a - a +2 dagger
 e - a +1 short sword of flaming (weapon)
Armour
 b - a +0 robe (worn)
Jewellery
 f - a ring of protection from fire (left hand)
Comestibles
 d - 9 rations


   Skills:
 - Level 1.1 Short Blades
 - Level 3.0 Dodging
 - Level 4.4 Stealth
 + Level 4.3 Spellcasting
 + Level 5.0 Hexes


You had 2 spell levels left.
You knew the following spells:

 Your Spells              Type           Power        Failure   Level  Hunger
a - Ensorcelled Hibernat  Hex/Ice        ##....       9%          2    ##.....
b - Corona                Hex            ###....      1%          1    None
c - Confuse               Hex            ###.....     6%          3    ###....
d - Tukima's Dance        Hex            ###.....     6%          3    ###....

Your spell library contained the following spells:

 Spells                   Type           Power        Failure   Level  Hunger
 Dazzling Spray           Conj/Hex       ##....       16%         3    ###....


Dungeon Overview and Level Annotations

Branches:
Dungeon (2/15)

Altars:


Innate Abilities, Weirdness & Mutations

You are very small and have problems with some larger weapons.
You are too small for most types of armour.
You have supernaturally acute eyesight. (SInv)
You are a herbivore.
You cover ground extremely quickly.
You need to consume almost no food.


Message History

* * * LOW HITPOINT WARNING * * *
The goblin hits you.
* * * LOW HITPOINT WARNING * * *
You feel better. The goblin barely misses you.
The goblin hits you but does no damage. The goblin hits you.
The goblin misses you. The goblin barely misses you.
Casting: Ensorcelled Hibernation (safe; 9% risk of failure)
Confirm with . or Enter, or press ? or * to list all spells.
Aiming: Ensorcelled Hibernation (safe; 9% risk of failure)
Press: ? - help, Shift-Dir - straight line, f - goblin
Aim: a goblin (chance to defeat MR: 61%)
The goblin resists with significant effort.
The goblin hits you with a +0 dagger. The goblin hits you.
* * * LOW HITPOINT WARNING * * *
The goblin hits you.
* * * LOW HITPOINT WARNING * * *
The goblin hits you.
* * * LOW HITPOINT WARNING * * *
The goblin hits you.
You die...

#g##..##.......#,*
#####.##..##.#######,*
#......#..##.# *,*
#....†.#.....# *,*
#........##### *,*
#.....#..# *,****
#.....#..# *,,,,,
#.....#gg# *,****
#.....#g@# *********
#.....#gg# *,,,,,,,,
#.....#..# *,*******
#######.># *,* ##.#
*,* #)# *,* #)# *,*
#.# *,* #.# *,*


You could see 5 goblins.

Vanquished Creatures
  Robin (D:2)
  2 adders (D:2)
  2 worms (D:2)
  2 dart slugs (D:1)
  A leopard gecko (D:1)
  3 bats
  A giant cockroach (D:1)
  7 goblins
  6 hobgoblins
  2 jackals (D:2)
  3 frilled lizards
  6 kobolds
  2 rats
38 creatures vanquished.

Notes
Turn   | Place    | Note
-------+----------+-------------------------------------------
     0 | D:1      | Zesh the Spriggan Enchanter began the quest for the Orb.
     0 | D:1      | Reached XP level 1. HP: 9/9 MP: 5/5
   348 | D:1      | Reached skill level 4 in Hexes
   348 | D:1      | Reached XP level 2. HP: 13/13 MP: 5/7
   352 | D:1      | Learned a level 2 spell: Ensorcelled Hibernation
  1159 | D:2      | Reached XP level 3. HP: 16/16 MP: 6/9
  1171 | D:2      | Learned a level 3 spell: Confuse
  1175 | D:2      | Learned a level 3 spell: Tukima's Dance
  1684 | D:2      | Noticed Robin
  1756 | D:2      | Killed Robin
  1756 | D:2      | Reached skill level 5 in Hexes
  1756 | D:2      | Reached XP level 4. HP: 21/21 MP: 3/11
  1774 | D:2      | HP: 1/21 [goblin[Robin] (4)]
  1774 | D:2      | Slain by a goblin

Vault maps used:
D:1:      lightli_arrival_chessboard
D:2:      first_ration, uniq_robin

Skill      XL: |  1  2  3 |
---------------+----------+-----
Spellcasting   | 3 4 |  4.3
Hexes          | 4 5 |  5.0
Short Blades   | |  1.1
Dodging        | |  3.0
Stealth        | |  4.4

Action                   |  1- 3 |  4- 6 || total
-------------------------+-------+-------++-------
Melee: Dagger            |    91 |       ||    91
       Short sword       |    21 |    13 ||    34
 Cast: Corona            |     6 |       ||     6
       Ensorcelled Hiber |    12 |     3 ||    15
       Confuse           |     1 |       ||     1
  Use: Scroll            |     5 |       ||     5
       Potion            |     1 |     2 ||     3
 Stab: Sleeping          |    16 |       ||    16
       Confused          |     1 |       ||     1
Armor: Robe              |    17 |     6 ||    23
Dodge: Dodged            |   111 |    68 ||   179

Table legend:
 A = Non-vault XP
 B = Vault XP
 C = Vault XP percentage of total XP
 D = Non-vault monster count
 E = Vault monster count
 F = Vault count percentage of total count
                 A         B        C        D         E       F
            +---------+---------+-------+---------+---------+-------
      Total |      83 |      27 |  24.5 |      30 |       8 |  21.1
            +---------+---------+-------+---------+---------+-------
        D:1 |      31 |       0 |   0.0 |      16 |       0 |   0.0
        D:2 |      52 |      27 |  34.2 |      14 |       8 |  36.4
            +---------+---------+-------+---------+---------+-------
